AoeStats
← 1695

Arabia

508748784Analyzed
3v3 RM · 10d ago on Sep 23, 2026· 52m 32s· 6 players
Game mode
Random Map
Map size
Normal (6 player)
Population
200
Speed
Normal
Resources
Standard
Victory
Conquest
Starting age
Dark Age
Ending age
Imperial Age
RankedLock teamsTeams togetherTeam positionsShared explorationLock speedFull tech treeHidden civsTurbo modeCheats
Victory
Defeat
🇦🇷 Inca · Argentina
779
+12
🇦🇷 Maya · Argentina
772
+12
🇦🇷 Franks · Argentina
748
+13
🇬🇧 Italians · United Kingdom
726
-13
🇨🇱 Franks · Chile
703
-13
🇺🇸 Danes · United States
645
-11
Horacio Rodriguez Larreta
0:40 Loom
14:50 Feudal Age
17:16 Wheelbarrow
16:26 Town Watch
20:23 Castle Age
19:05 Scale Mail Armor
19:18 Forging
20:42 Eagle Warrior
21:55 Squires
24:19 Chain Mail Armor
23:53 Horse Collar
29:37 Crossbowman
31:35 Hand Cart
34:43 Iron Casting
34:11 Padded Archer Armor
34:02 Fletching
38:52 Imperial Age
37:02 Thumb Ring
38:43 Leather Archer Armor
38:05 Pikeman
40:02 Conscription
44:41 Holcans
45:07 Arbalester
45:40 Elite Eagle Warrior
49:26 Halberdier
50:40 Plate Mail Armor
51:11 Blast Furnace
50:09 Bodkin Arrow
50:38 Ballistics
JOTAEME
14:45 Feudal Age
20:27 Castle Age
23:30 Husbandry
27:06 Wheelbarrow
46:05 Imperial Age
48:15 Hand Cart
48:08 Gold Mining
49:52 Forging
49:42 Scale Mail Armor
49:48 Scale Barding Armor
51:26 Double-Bit Axe
1695
12:13 Feudal Age
12:36 Horse Collar
12:44 Double-Bit Axe
19:52 Gold Mining
22:20 Castle Age
23:37 Pikeman
24:22 Squires
24:58 Heavy Plow
25:12 Bow Saw
24:54 Stone Mining
27:35 Wheelbarrow
28:38 Wheelbarrow
27:49 Town Watch
29:47 Hand Cart
29:46 Crossbowman
34:26 Champi Runner
37:47 Imperial Age
35:54 Scale Mail Armor
36:06 Forging
35:45 Champi Warrior
38:05 Iron Casting
38:36 Chain Mail Armor
39:14 Conscription
39:39 Crop Rotation
39:14 Halberdier
41:38 Gold Shaft Mining
42:25 Blast Furnace
43:13 Plate Mail Armor
46:37 Arson
46:47 Fletching
47:14 Elite Champi Warrior
49:28 Thumb Ring
51:16 Andean Sling
CaptOblivious
3:01 Loom
10:15 Feudal Age
10:52 Man-at-Arms
11:27 Double-Bit Axe
13:41 Arson
16:47 Scale Mail Armor
20:29 Forging
20:56 Fletching
24:52 Castle Age
24:54 Pikeman
25:53 Horse Collar
27:36 Fletching
30:01 Wheelbarrow
29:11 Town Watch
29:48 Squires
30:23 Chain Mail Armor
32:13 Bow Saw
41:47 Imperial Age
40:10 Bodkin Arrow
40:15 Padded Archer Armor
44:44 Cranequins
47:10 Bloodlines
47:00 Husbandry
46:35 Elite Varangian Guard
48:50 Chemistry
48:22 Ballistics
51:00 Masonry
jsx_001
3:23 Loom
12:15 Feudal Age
12:54 Double-Bit Axe
17:09 Horse Collar
19:42 Castle Age
18:46 Fletching
20:24 Stone Mining
21:49 Bow Saw
23:04 Gold Mining
24:05 Bodkin Arrow
27:35 Squires
29:23 Ballistics
31:14 Stone Shaft Mining
31:04 Padded Archer Armor
35:10 Leather Archer Armor
36:06 Scale Barding Armor
39:38 Murder Holes
46:21 Imperial Age
44:26 Bloodlines
46:51 Cavalier
50:22 Husbandry
franco.93
0:41 Loom
12:12 Feudal Age
13:28 Double-Bit Axe
23:03 Castle Age
24:07 Stone Mining
24:31 Bow Saw
24:56 Gold Mining
27:29 Scale Barding Armor
27:26 Scale Mail Armor
27:41 Husbandry
29:03 Wheelbarrow
31:32 Imperial Age
31:04 Treadmill Crane
32:34 Hand Cart
33:06 Chain Barding Armor
33:32 Masonry
33:46 Conscription
35:02 Architecture
35:34 Chemistry
34:36 Cavalier
36:52 Chivalry
38:01 Plate Barding Armor
38:03 Ordonnance Companies
39:10 Chain Mail Armor
39:06 Forging
38:46 Fletching
38:56 Padded Archer Armor
39:11 Fortified Wall
39:06 Siege Engineers
38:48 Arrowslits
40:44 Plate Mail Armor
41:44 Gold Shaft Mining
40:44 Pikeman
41:24 Squires
41:12 Arson
41:25 Gambesons
41:02 Man-at-Arms
42:02 Paladin
45:40 Hoardings
45:12 Murder Holes
45:38 Ballistics
46:19 Chemistry
45:58 Iron Casting
45:18 Bodkin Arrow
46:02 Guard Tower
46:05 Halberdier
47:52 Elite Skirmisher
49:03 Cranequins
49:04 Heavy Mounted Crossbowman
49:14 Elite Throwing Axeman
50:31 Elite Skirmisher
Connection lost

Rejoining the realm…

Still unreachable

The connection could not be restored.

Session expired

The server has moved on; the page needs a fresh start.